[ AOE2 MATCH · #505720742 ]
UnrankedKoreans vs Khmer
Player's team · LOSS
Rival team · WIN
[ REPLAY ANALYSIS · EXTRACTED FROM THE RECORDED GAME ]
Feudal
8:54
Castle
21:23
Imperial
34:46
| APM avg | 39.7 |
| APM peak | 79 |
| eAPM avg | 29.3 |
| Villagers / military | 193 / 488 |
Focus
⚔️ 45.8% · 🌾 54.2%
Scout Cavalry ×142 · Spearman ×129 · Fire Lancer ×104 · Skirmisher ×97 · Militia ×7 · Archer ×3
Feudal
10:46
Castle
17:53
Imperial
33:58
| APM avg | 35.0 |
| APM peak | 76 |
| eAPM avg | 25.3 |
| Villagers / military | 191 / 469 |
Focus
⚔️ 36.1% · 🌾 63.9%
Scout Cavalry ×183 · Hand Cannoneer ×167 · Battle Elephant ×91 · Scorpion ×12 · Trebuchet (Packed) ×9 · Ballista Elephant ×4
Match map
Initial resources + every placement click. Lines = walls · curves = elevation contours. ◆ gold · ⬟ stone · ● berries · ✦ relic · ◌ wall gap
Your base· ✓ Closed at 21:23 · 0t walls · 3 gate(s)
Waaalter's base· ✓ Closed at 17:53 · 0t walls · 2 gate(s)
Smoothed initial terrain · ◌ = detected wall gap · hover for details
Inputs per minute
— lucasmauriciogona - - Waaalter
Build order — lucasmauriciogona
First 150 of 832 actions detected
| 0:00 | Queue | Villager (Male) |
| 0:01 | Queue | Villager (Male) |
| 0:02 | Build | House |
| 0:04 | Build | House |
| 0:33 | Queue | Villager (Male) |
| 0:34 | Queue | Villager (Male) |
| 1:43 | Queue | Villager (Male) |
| 1:45 | Build | Lumber Camp |
| 1:48 | Queue | Villager (Male) |
| 2:16 | Queue | Villager (Male) |
| 2:28 | Queue | Villager (Male) |
| 3:12 | Queue | Villager (Male) |
| 3:13 | Queue | Villager (Male) |
| 3:53 | Build | Mill |
| 4:06 | Queue | Villager (Male) |
| 4:14 | Build | House |
| 4:22 | Research | Loom |
| 4:47 | Queue | Villager (Male) |
| 4:49 | Queue | Villager (Male) |
| 5:06 | Queue | Villager (Male) |
| 6:18 | Queue | Villager (Male) |
| 6:44 | Research | Feudal Age |
| 6:53 | Build | Mining Camp |
| 8:02 | Queue | Villager (Male) |
| 8:07 | Build | House |
| 8:54 | Age | Feudal Age |
| 9:10 | Queue | Villager (Male) |
| 9:10 | Queue | Villager (Male) |
| 9:19 | Research | Double-Bit Axe |
| 9:29 | Build | Watch Tower |
| 10:05 | Build | House |
| 10:07 | Queue | Villager (Male) |
| 10:42 | Queue | Villager (Male) |
| 10:45 | Build | Farm |
| 10:47 | Build | Farm |
| 11:11 | Queue | Villager (Male) |
| 11:14 | Build | Farm |
| 11:32 | Build | Watch Tower |
| 11:42 | Queue | Villager (Male) |
| 11:50 | Build | Blacksmith |
| 12:28 | Queue | Villager (Male) |
| 12:29 | Queue | Villager (Male) |
| 12:33 | Build | Mining Camp |
| 12:38 | Build | Farm |
| 12:40 | Build | Farm |
| 12:41 | Build | Farm |
| 12:41 | Build | Farm |
| 12:41 | Build | Farm |
| 12:41 | Build | Farm |
| 12:41 | Build | Farm |
| 12:42 | Build | Farm |
| 13:57 | Queue | Villager (Male) |
| 13:57 | Queue | Villager (Male) |
| 13:59 | Build | Farm |
| 13:59 | Build | Farm |
| 14:03 | Build | Farm |
| 14:35 | Queue | Villager (Male) |
| 14:36 | Queue | Villager (Male) |
| 15:01 | Queue | Villager (Male) |
| 15:16 | Research | Wheelbarrow |
| 15:19 | Build | House |
| 15:20 | Build | House |
| 15:31 | Build | Watch Tower |
| 15:33 | Queue | Villager (Male) |
| 15:51 | Build | Watch Tower |
| 16:27 | Build | Farm |
| 16:57 | Queue | Villager (Male) |
| 17:08 | Build | Farm |
| 17:10 | Queue | Villager (Male) |
| 17:17 | Build | Farm |
| 17:17 | Build | Farm |
| 17:18 | Build | Farm |
| 17:18 | Build | Farm |
| 17:40 | Build | Farm |
| 17:42 | Queue | Villager (Male) |
| 17:48 | Build | Market |
| 17:55 | Build | Farm |
| 18:15 | Build | Barracks |
| 18:43 | Research | Castle Age |
| 18:43 | Research | Castle Age |
| 19:18 | Research | Horse Collar |
| 19:27 | Queue | Spearman |
| 19:44 | Queue | Villager (Male) |
| 19:48 | Queue | Spearman |
| 20:49 | Queue | Spearman |
| 21:23 | Age | Castle Age |
| 21:24 | Queue | Villager (Male) |
| 21:39 | Queue | Villager (Male) |
| 22:04 | Build | Town Center |
| 22:26 | Queue | Villager (Male) |
| 22:26 | Queue | Villager (Male) |
| 22:32 | Queue | Villager (Male) |
| 22:32 | Queue | Villager (Male) |
| 22:42 | Research | Bow Saw |
| 23:10 | Queue | Villager (Male) |
| 23:10 | Queue | Villager (Male) |
| 23:25 | Queue | Villager (Male) |
| 23:31 | Research | Town Watch |
| 23:36 | Queue | Villager (Male) |
| 23:36 | Queue | Villager (Male) |
| 23:54 | Build | Outpost |
| 23:56 | Build | Outpost |
| 24:00 | Queue | Villager (Male) |
| 24:01 | Queue | Villager (Male) |
| 24:18 | Build | Town Center |
| 24:19 | Queue | Villager (Male) |
| 24:19 | Queue | Villager (Male) |
| 24:29 | Queue | Villager (Male) |
| 24:29 | Queue | Villager (Male) |
| 24:40 | Build | House |
| 24:41 | Build | House |
| 24:47 | Research | Heavy Plow |
| 24:57 | Research | Gold Mining |
| 24:59 | Queue | Villager (Male) |
| 24:59 | Queue | Villager (Male) |
| 25:22 | Queue | Villager (Male) |
| 25:22 | Queue | Villager (Male) |
| 25:31 | Queue | Villager (Male) |
| 25:35 | Build | House |
| 25:36 | Build | House |
| 25:38 | Build | Farm |
| 25:51 | Build | Town Center |
| 25:54 | Queue | Villager (Male) |
| 25:54 | Queue | Villager (Male) |
| 26:00 | Build | Farm |
| 26:00 | Build | Farm |
| 26:00 | Build | Farm |
| 26:00 | Build | Farm |
| 26:04 | Queue | Villager (Male) |
| 26:04 | Queue | Villager (Male) |
| 26:06 | Queue | Villager (Male) |
| 26:06 | Queue | Villager (Male) |
| 26:12 | Build | Farm |
| 26:19 | Queue | Villager (Male) |
| 26:20 | Queue | Villager (Male) |
| 26:25 | Build | Farm |
| 26:41 | Queue | Villager (Male) |
| 26:51 | Build | Town Center |
| 26:53 | Queue | Villager (Male) |
| 27:00 | Build | Farm |
| 27:00 | Build | Farm |
| 27:00 | Build | Farm |
| 27:00 | Build | Farm |
| 27:01 | Build | Farm |
| 27:01 | Build | Farm |
| 27:10 | Queue | Villager (Male) |
| 27:10 | Queue | Villager (Male) |
| 27:17 | Queue | Villager (Male) |
| 27:28 | Queue | Villager (Male) |
| 27:28 | Queue | Villager (Male) |
Build order — Waaalter
First 150 of 584 actions detected
| 0:01 | Queue | Villager (Male) |
| 0:01 | Queue | Villager (Male) |
| 0:02 | Build | House |
| 0:03 | Build | House |
| 0:06 | Queue | Villager (Male) ×2 |
| 0:06 | Queue | Villager (Male) ×2 |
| 1:45 | Queue | Villager (Male) |
| 1:45 | Queue | Villager (Male) |
| 1:51 | Build | Lumber Camp |
| 2:00 | Queue | Villager (Male) |
| 2:15 | Queue | Villager (Male) |
| 2:16 | Queue | Villager (Male) |
| 2:44 | Queue | Villager (Male) |
| 2:44 | Queue | Villager (Male) |
| 3:06 | Queue | Villager (Male) |
| 3:06 | Queue | Villager (Male) |
| 3:26 | Build | House |
| 3:27 | Build | House |
| 3:45 | Queue | Villager (Male) |
| 3:45 | Queue | Villager (Male) |
| 4:05 | Build | House |
| 4:11 | Queue | Villager (Male) |
| 4:11 | Queue | Villager (Male) |
| 4:31 | Build | Mill |
| 4:35 | Queue | Villager (Male) |
| 4:35 | Queue | Villager (Male) |
| 4:36 | Queue | Villager (Male) |
| 5:14 | Queue | Villager (Male) |
| 5:14 | Queue | Villager (Male) |
| 5:15 | Queue | Villager (Male) |
| 6:07 | Queue | Villager (Male) |
| 6:08 | Queue | Villager (Male) |
| 6:08 | Queue | Villager (Male) |
| 6:08 | Queue | Villager (Male) |
| 6:56 | Queue | Villager (Male) |
| 6:56 | Queue | Villager (Male) |
| 8:36 | Research | Feudal Age |
| 9:10 | Build | Farm |
| 9:10 | Build | Farm |
| 9:12 | Build | Farm |
| 9:38 | Build | Farm |
| 9:49 | Build | House |
| 9:56 | Build | House |
| 9:58 | Build | House |
| 9:59 | Build | House |
| 10:01 | Build | House |
| 10:07 | Build | House |
| 10:41 | Build | Mining Camp |
| 10:44 | Build | House |
| 10:46 | Age | Feudal Age |
| 10:46 | Build | House |
| 10:50 | Build | House |
| 10:54 | Research | Loom |
| 11:24 | Build | Farm |
| 11:38 | Build | Watch Tower |
| 11:44 | Queue | Villager (Male) |
| 12:35 | Queue | Villager (Male) |
| 13:31 | Queue | Villager (Male) |
| 14:05 | Build | Farm |
| 15:13 | Research | Castle Age |
| 15:27 | Build | Market |
| 15:59 | Build | Blacksmith |
| 16:13 | Build | Farm |
| 16:29 | Research | Fletching |
| 17:01 | Build | Farm |
| 17:34 | Research | Double-Bit Axe |
| 17:35 | Research | Double-Bit Axe |
| 17:53 | Age | Castle Age |
| 17:59 | Queue | Villager (Male) |
| 17:59 | Queue | Villager (Male) |
| 18:19 | Build | Town Center |
| 18:25 | Queue | Villager (Male) |
| 18:25 | Queue | Villager (Male) |
| 18:47 | Build | Monastery |
| 18:48 | Queue | Villager (Male) |
| 18:48 | Queue | Villager (Male) |
| 19:01 | Build | Farm |
| 19:06 | Build | Farm |
| 19:12 | Research | Horse Collar |
| 19:26 | Queue | Villager (Male) |
| 19:27 | Queue | Villager (Male) |
| 19:41 | Queue | Villager (Male) |
| 19:42 | Queue | Villager (Male) |
| 19:42 | Queue | Villager (Male) |
| 19:44 | Build | Farm |
| 20:03 | Queue | Monk |
| 20:03 | Queue | Monk |
| 20:20 | Build | House |
| 20:20 | Build | House |
| 20:23 | Queue | Villager (Male) |
| 20:23 | Queue | Villager (Male) |
| 20:26 | Queue | Villager (Male) |
| 20:26 | Queue | Villager (Male) |
| 20:56 | Queue | Villager (Male) |
| 21:01 | Research | Fervor |
| 21:01 | Queue | Villager (Male) |
| 21:02 | Queue | Villager (Male) |
| 21:05 | Build | Farm |
| 21:11 | Queue | Villager (Male) |
| 21:11 | Queue | Villager (Male) |
| 21:15 | Build | Farm |
| 21:31 | Build | House |
| 21:32 | Build | House |
| 21:34 | Build | House |
| 21:36 | Build | House |
| 21:43 | Build | Palisade Wall |
| 21:55 | Build | House |
| 21:59 | Queue | Villager (Male) |
| 21:59 | Queue | Villager (Male) |
| 22:00 | Queue | Villager (Male) |
| 22:01 | Queue | Villager (Male) |
| 22:03 | Build | Farm |
| 22:15 | Queue | Villager (Male) |
| 22:15 | Queue | Villager (Male) |
| 22:23 | Build | Watch Tower |
| 22:25 | Queue | Villager (Male) |
| 22:25 | Queue | Villager (Male) |
| 22:28 | Build | Farm |
| 22:39 | Build | Farm |
| 22:40 | Queue | Villager (Male) |
| 22:40 | Queue | Villager (Male) |
| 22:53 | Build | Town Center |
| 22:56 | Queue | Villager (Male) |
| 22:59 | Build | Farm |
| 23:04 | Queue | Villager (Male) |
| 23:05 | Queue | Villager (Male) |
| 23:24 | Build | Farm |
| 23:47 | Queue | Monk |
| 24:03 | Queue | Villager (Male) |
| 24:03 | Queue | Villager (Male) |
| 24:06 | Build | Farm |
| 24:09 | Build | Farm |
| 24:12 | Build | Farm |
| 24:13 | Queue | Villager (Male) |
| 24:13 | Queue | Villager (Male) |
| 24:17 | Queue | Villager (Male) |
| 24:17 | Queue | Villager (Male) |
| 24:26 | Research | Bow Saw |
| 24:27 | Research | Bow Saw |
| 24:36 | Queue | Villager (Male) |
| 24:55 | Queue | Villager (Male) |
| 24:55 | Queue | Villager (Male) |
| 24:59 | Build | Farm |
| 25:01 | Build | Farm |
| 25:03 | Build | Farm |
| 25:08 | Queue | Villager (Male) |
| 25:19 | Queue | Villager (Male) |
| 25:19 | Queue | Villager (Male) |
| 25:29 | Queue | Villager (Male) |
| 25:30 | Queue | Villager (Male) |
Match timeline
| 8:54 | lucasmauriciogona · age_up feudal |
| 10:46 | Waaalter · age_up feudal |
| 17:53 | Waaalter · age_up castle |
| 18:05 | Waaalter · first_market_buy 100 wood |
| 18:15 | lucasmauriciogona · first_building Barracks |
| 18:36 | lucasmauriciogona · first_market_buy 100 food |
| 18:47 | Waaalter · first_building Monastery |
| 21:23 | lucasmauriciogona · age_up castle |
| 21:43 | Waaalter · wall_segment Palisade Wall x1 |
| 22:38 | lucasmauriciogona · first_market_sell 100 food |
| 25:49 | Waaalter · wall_segment Stone Wall x8 |
| 25:52 | Waaalter · wall_segment Stone Wall x9 |
| 25:56 | Waaalter · wall_segment Stone Wall x20 |
| 26:01 | Waaalter · wall_segment Stone Wall x29 |
| 29:12 | Waaalter · first_building Castle |
| 29:51 | lucasmauriciogona · first_building Castle |
| 32:03 | Waaalter · first_building Stable |
| 33:58 | Waaalter · age_up imperial |
| 34:16 | lucasmauriciogona · first_building Stable |
| 34:46 | lucasmauriciogona · age_up imperial |
| 35:40 | Waaalter · first_market_sell 500 food |
| 40:23 | Waaalter · wall_segment Stone Wall x1 |
| 40:53 | Waaalter · first_building Archery Range |
| 41:23 | Waaalter · wall_segment Stone Wall x2 |
| 41:24 | Waaalter · wall_segment Stone Wall x1 |
| 42:39 | lucasmauriciogona · first_building Archery Range |
| 47:39 | Waaalter · wall_segment Stone Wall x3 |
| 49:39 | Waaalter · first_building Siege Workshop |
| 56:33 | lucasmauriciogona · resign |
[ AI ANALYSIS · 1 CREDIT ]
What really happened in this match?
Wolo.gg analyzes every decision: build order, eco, micro, common mistakes by bracket. Personalized analysis on WhatsApp or Discord in 30 seconds.
Civ guide
Koreans
Perfil
lucasmauriciogona